 Dungeon Crawl Stone Soup version 0.26.1-11-gd32895ea62 (webtiles) character file.

Game seed: 8784300397614384687

127 Zeld the Slasher (level 5, -1/36 HPs)
             Began as an Octopode Monk on May 19, 2021.
             Slain by a leopard gecko (5 damage)
             ... in a sewer.
             The game lasted 00:01:56 (1381 turns).

Zeld the Slasher (Octopode Monk)                    Turns: 1381, Time: 00:01:57

Health: -1/36      AC:  1    Str: 11    XL:     5   Next: 11%
Magic:  5/5        EV: 14    Int: 13    God:
Gold:   10         SH:  0    Dex: 14    Spells: 4/4 levels left

rFire    . . .     SeeInvis .   a - +0 falchion
rCold    . . .     Faith    .   (no shield)
rNeg     . . .     Spirit   .   (helmet restricted)
rPois    .         Reflect  .   (no amulet)
rElec    .         Harm     .   (no ring)
rCorr    .         Rampage  .   (no ring)
Will     .....                  (no ring)
Stlth    ++++......             (no ring)
HPRegen  0.12/turn              (no ring)
MPRegen  0.09/turn              (no ring)
                                (no ring)
                                (no ring)

@: lethally poisoned (-1 -> -4)
A: almost no armour, stealthy swim, amphibious, 8 rings, constrict 8, camouflage
1, gelatinous body 1
a: no special abilities


You were in a sewer.
You visited 1 branch of the dungeon, and saw 3 of its levels.
You also visited: Sewer.

You collected 10 gold pieces.

Inventory:

Hand Weapons
 a - a +0 falchion (weapon)
Missiles
 b - 4 boomerangs (quivered)
Wands
 d - a wand of disintegration (6)
Scrolls
 c - a scroll of amnesia {unknown}
 e - a scroll of remove curse {unknown}
 f - a scroll of enchant weapon {unknown}
 g - a scroll of fear {unknown}
 h - a scroll of enchant armour {unknown}


   Skills:
 - Level 3.0 Fighting
 * Level 5.6 Long Blades
 - Level 3.0 Dodging
 - Level 2.6 Stealth


You had 4 spell levels left.
You didn't know any spells.
Your spell library was empty.

Dungeon Overview and Level Annotations

Branches:
Dungeon (3/15)              Sewer (1/1)

Altars:


Innate Abilities, Weirdness & Mutations

You cannot wear most types of armour.
You are very stealthy in the water. (Stealth+)
You are amphibious.
You can wear up to eight rings at the same time.
You can use your tentacles to constrict eight enemies at once.
Your skin changes colour to match your surroundings (Stealth+).
Your rubbery body absorbs attacks. (AC +1, EV +1)


Message History

The giant cockroach is heavily wounded.
You constrict the giant cockroach.
You feel sick.
The leopard gecko splashes around in the water.
The giant cockroach bites you.
* * * LOW HITPOINT WARNING * * *
You hit the giant cockroach but do no damage.
The giant cockroach is almost dead.
You constrict the giant cockroach, but do no damage.
* * * LOW HITPOINT WARNING * * *
You feel sick. The leopard gecko barely misses you.
The giant cockroach barely misses you.
Unknown command.
You hit the giant cockroach.
You kill the giant cockroach!
The leopard gecko barely misses you. The leopard gecko misses you.
You barely miss the leopard gecko. You grab the leopard gecko.
You constrict the leopard gecko.
* * * LOW HITPOINT WARNING * * *
You feel sick. The leopard gecko bites you.
You die...

#
#≈≈##
#
#≈≈≈#
#
##≈≈#
#≈≈#
#.≈#
#≈≈#
#≈≈#
#.≈#
#@≈#
#†l#
##≈≈#
#≈≈≈#
#≈≈##
#†.#
#≈≈≈#
#≈≈##
.≈.


You could see a leopard gecko.

Vanquished Creatures
  2 adders (Sewer)
  A river rat (D:3)
  An ufetubus (D:2)
  9 oozes (Sewer)
  A worm (D:3)
  3 leopard geckos
  4 ball pythons
  2 bats
  5 giant cockroaches
  2 goblins
  2 hobgoblins
  3 jackals (D:3)
  A quokka (D:3)
  10 frilled lizards
  3 kobolds
  7 rats
56 creatures vanquished.

Notes
Turn   | Place    | Note
-------+----------+-------------------------------------------
     0 | D:1      | Zeld the Octopode Monk began the quest for the Orb.
     0 | D:1      | Reached XP level 1. HP: 16/16 MP: 1/1
   132 | D:2      | Reached XP level 2. HP: 13/21 MP: 2/2
   380 | D:3      | Reached skill level 4 in Long Blades
   384 | D:3      | Reached XP level 3. HP: 23/26 MP: 3/3
   707 | D:3      | Found a glowing drain.
   853 | Sewer    | Entered a sewer
   893 | Sewer    | Reached XP level 4. HP: 24/31 MP: 4/4
   984 | Sewer    | Reached skill level 5 in Long Blades
  1369 | Sewer    | Reached XP level 5. HP: 16/36 MP: 5/5
  1381 | Sewer    | Slain by a leopard gecko

Illustrated notes

Levels and vault maps discovered:
D:1:      heliophobic_arrival_enchanted_forest, layout_rooms, chequers_garden,
          hangedman_decor_points, hangedman_decor_push,
          minmay_misc_feat_four_crosses, lemuel_old_faithful
D:2:      layout_basic, uniq_sigmund, uniq_jessica
D:3:      layout_loops_ring, nicolae_overflow_hidden_temple,
          portal_sewer_entry_e, chequers_ecumenical_altar_simple,
          dk_noncrumbling_4
Sewer:    sewer_frog_island_02

Skill      XL: |  1  2  3  4 |
---------------+-------------+-----
Long Blades    | 4 5 |  5.6
Fighting       | |  3.0
Dodging        | |  3.0
Stealth        | |  2.6

Action                   |  1- 3 |  4- 6 || total
-------------------------+-------+-------++-------
Melee: Falchion          |    59 |    58 ||   117
       Constrict         |    19 |    13 ||    32
       Tentacles         |    14 |    10 ||    24
 Stab: Sleeping          |     6 |     2 ||     8
Armor: Skin              |     6 |     3 ||     9
Dodge: Dodged            |    53 |    55 ||   108
       Rpst.: Falchion   |    12 |    10 ||    22
